 Dungeon Crawl Stone Soup version 0.29.1-15-g9cfb28693d (webtiles) character file.

Game seed: 3383732687245615783

33 Eitelfritz the Trooper (level 3, 33/33 HPs)
             Began as a Hill Orc Fighter on Apr 15, 2023.
             Was a Follower of Sif Muna.
             Got out of the dungeon alive.
             The game lasted 00:02:05 (1233 turns).

Eitelfritz the Trooper (Hill Orc Fighter)           Turns: 1233, Time: 00:02:05

Health: 33/33      AC:  7    Str: 20    XL:     3   Next: 29%
Magic:  3/3        EV:  9    Int:  8    God:    Sif Muna [*.....]
Gold:   34         SH:  4    Dex: 10    Spells: 2/2 levels left

rFire   . . .      SeeInvis .   a - +0 war axe
rCold   . . .      Faith    .   c - +0 buckler
rNeg    . . .      Spirit   .   b - +0 scale mail
rPois   .          Reflect  .   (no helmet)
rElec   .          Harm     .   (no cloak)
rCorr   .          Rampage  .   (no gloves)
Will    .....                   (no boots)
Stlth   ..........              (no amulet)
HPRegen 0.11/turn               (no ring)
MPRegen 0.08/turn               (no ring)

@: no status effects
A: no striking features
a: Renounce Religion, Channel Magic


You escaped.
You worshipped Sif Muna.
Sif Muna was aware of your devotion.
You visited 1 branch of the dungeon, and saw 1 of its levels.

You collected 34 gold pieces.

Inventory:

Hand Weapons
 a - a +0 war axe (weapon)
Missiles
 i - 2 javelins (quivered)
 j - 3 poisoned darts
Armour
 b - a +0 scale mail (worn)
 c - a +0 buckler (worn)
Jewellery
 m - a ring of see invisible
Scrolls
 e - a scroll of silence {unknown}
 f - 2 scrolls of enchant armour {unknown}
 h - a scroll of identify {unknown}
 k - 2 scrolls of amnesia {unknown}
 l - a scroll of poison {unknown}
Potions
 d - a potion of might
 g - a potion of experience {unknown}
 n - a potion of heal wounds {unknown}


   Skills:
 + Level 4.1 Fighting
 + Level 3.2 Axes
 + Level 3.7 Armour
 + Level 0.1 Dodging
 + Level 3.6 Shields


You had 2 spell levels left.
You didn't know any spells.
Your spell library was empty.

Dungeon Overview and Level Annotations

Branches:
Dungeon (1/15)

Altars:
Sif Muna

Shops:
D:1 ?


Message History

You kill the kobold!
You see here a +0 dagger.
m - a ring of see invisible A rat comes into view.
A rat is nearby!
You hit the rat.
The rat is moderately wounded.
You block the rat's attack.
You hit the rat but do no damage.
The rat is moderately wounded.
The rat closely misses you. The rat bites you but does no damage.
You hit the rat.
You kill the rat!
You see here a rat corpse.
n - an emerald potion As you open the door, it creaks loudly!
There is an open door here.
There is an open door here.
There is an open door here.
You see here a +1 dagger of flaming.
Done exploring.
Done exploring.
There is a faded altar of an unknown god here.
You cannot tell which god this altar belongs to.
Convert to them anyway?
Okay, then.
You cannot tell which god this altar belongs to.
Convert to them anyway?
Uppercase [Y]es or [N]o only, please.
You cannot tell which god this altar belongs to.
Convert to them anyway?
Sif Muna accepts your prayer! Sif Muna welcomes you!
You can now call upon Sif Muna for magical energy.
There is an entrance to Siref's Magic Scroll Shoppe here.
You see here a +0 robe.
There is an open door here.
You open the door.
There is an open door here.
There is a staircase leading out of the dungeon here.
There is a staircase leading out of the dungeon here.
Are you sure you want to leave the Dungeon?
This will make you lose the game!
You have escaped!

....# #.# #.#...#.# ###'## #.#
#.##.##)# ##...## ##.####
#.##.##.# #.....## #.....#
#.......# .......## ##..##.#
####.#.## # ...>....####...##.#
#####....####
........'...#########...........'
........#####.......####.....####
>..†..######....@....######.## #
#..†.##...................##.#
##...#...⌠....##'##....⌠...###
##'##........#...#........#
#.##........'8.8+........#
###.############'###########
.........# #...# #.# .#...###.#
####[##### ##.## ......##.#
#........# #...######


There were no monsters in sight!

Vanquished Creatures
  3 dart slugs (D:1)
  4 ball pythons (D:1)
  4 bats (D:1)
  2 endoplasms (D:1)
  A giant cockroach (D:1)
  3 goblins (D:1)
  2 hobgoblins (D:1)
  2 frilled lizards (D:1)
  3 kobolds (D:1)
  2 rats (D:1)
26 creatures vanquished.

Vanquished Creatures (others)
  3 demonic plants (D:1)
  3 fungi (D:1)
  A plant (D:1)
  2 withered plants (D:1)
9 creatures vanquished.

Grand Total: 35 creatures vanquished

Notes
Turn   | Place    | Note
-------+----------+-------------------------------------------
     0 | D:1      | Eitelfritz the Hill Orc Fighter began the quest for the
                  | Orb.
     0 | D:1      | Reached XP level 1. HP: 19/19 MP: 1/1
    41 | D:1      | Found Siref's Magic Scroll Shoppe.
   128 | D:1      | Reached XP level 2. HP: 26/27 MP: 2/2
   143 | D:1      | Found a faded altar of an unknown god.
   201 | D:1      | Reached skill level 4 in Fighting
   619 | D:1      | Reached XP level 3. HP: 25/33 MP: 3/3
  1195 | D:1      | Prayed at the altar of an unknown god.
  1195 | D:1      | Became a worshipper of Sif Muna the Loreminder
  1195 | D:1      | Reached * piety under Sif Muna
  1233 | D:$      | Got out of the dungeon alive.

Illustrated notes

Levels and vault maps discovered:
D:1:      giann_wishing_wells, layout_loops_corners,
          shapermc_ecumenical_altar_gd, serial_shops,
          nicolae_shop_advertising_works [nicolae_subvault_shop_adworks],
          minmay_pentomino_u4

Skill      XL: |  1  2 |
---------------+-------+-----
Fighting       | 4 |  4.1
Axes           | 3 |  3.2
Armour         | |  3.7
Dodging        | |  0.1
Shields        | |  3.6

Action                   || total
-------------------------++-------
Melee: War axe           ||    71
Armor: Scale mail        ||    50
Dodge: Dodged            ||    40
Block: Buckler           ||    28
